Map: Acolyte LE

Players

XGastronoMEX - Winner!

  • Race: Terran Terran
  • League: Platinum
  • Spawn Location: 7:00

Juxtapose

  • Race: Terran Terran
  • League: Gold
  • Spawn Location: 1:00

VOD

https://youtu.be/3zsaGTHLPY0

Description

This game is just sad. Normally I don't expand as fast as Terran and decided to try it this time, and it cost me big time. Better scouting on my part would have helped too.

Time

  • Played on: Sept. 24, 2017, 9:55 a.m.
  • Length: 5:53
Show
View Real Time Build Order
Export as new Build Order

XGastronoMEX Terran - Winner!

Build Orders:  

Get SALT Encoding   

  12  0:00  SCV  
  13  0:13  SCV  
  14  0:17  Supply Depot  
  14  0:25  SCV  
  15  0:39  SCV  
  15  0:40  Barracks  
  16  0:51  SCV  
  17  1:03  SCV  
  18  1:09  Supply Depot  
  18  1:39  Barracks  
  18  1:42  Barracks  
  18  1:44  Marine, Barracks x2  
  19  2:01  Marine  
  20  2:10  Orbital Command  
  20  2:14  Supply Depot  
  20  2:19  Marine  
  21  2:35  Marine x4  
  25  2:37  Marine  
  26  2:52  Marine  
  26  2:53  Marine x3  
  26  2:56  Marine  
  31  3:01  Supply Depot  
  31  3:10  Marine x2  
  31  3:11  Marine x2  
  35  3:14  Marine  
  36  3:25  Supply Depot  
  36  3:28  Marine x3  
  36  3:29  Marine  
  36  3:32  Marine  
  41  3:46  Marine x4  
  45  3:49  Marine  
  46  4:00  Supply Depot  
  46  4:04  Marine x4  
  46  4:07  Marine  
  48  4:22  Marine x4  
  51  4:25  Marine  
  50  4:45  Marine  
  50  4:46  Marine x2  
  52  5:00  Marine  
  52  5:01  Marine  
  52  5:03  Marine x2  
  52  5:04  Marine  
  52  5:25  Marine  
  52  5:26  Marine  
  52  5:27  Marine  
  52  5:28  Marine x2  
Show
View Real Time Build Order
Export as new Build Order

Juxtapose Terran 

Build Orders:  

Get SALT Encoding   

  12  0:01  SCV  
  13  0:13  SCV  
  14  0:22  Supply Depot  
  14  0:25  SCV  
  15  0:44  SCV  
  16  0:51  Barracks  
  16  0:54  Supply Depot  
  16  0:56  SCV  
  17  1:09  SCV  
  17  1:10  Refinery  
  18  1:21  SCV  
  19  1:27  Refinery  
  19  1:41  Orbital Command  
  19  1:56  Barracks Reactor  
  19  2:07  Command Center  
  19  2:12  SCV  
  20  2:24  SCV  
  20  2:28  Barracks  
  21  2:36  SCV  
  21  2:37  Marine x2  
  23  2:48  SCV  
  24  2:56  Marine x2  
  26  3:01  SCV  
  27  3:12  Engineering Bay, Factory  
  27  3:21  Supply Depot  
  27  3:26  Orbital Command  
  27  3:29  Marine  
  28  3:34  Barracks Tech Lab  
  28  3:45  Orbital Command  
  28  3:50  Supply Depot  
  28  3:59  Marine  
  28  4:00  Marine  
  28  4:01  Marauder  
  28  4:02  Factory Reactor  
  29  4:19  Marine  
  29  4:21  Marine  
  29  4:23  Marine  
  26  4:39  Marine  
  21  4:46  Marine  
  21  4:48  Hellion x2  
  21  4:52  SCV  
  21  5:04  Marine x2, SCV  
  12  5:09  Hellion x2  
  14  5:16  SCV  
  8  5:21  Marine  
  8  5:22  Marine  
Tags
 
Matchup
TvT
Race
Terran
Spawn Locations
Cross Positions
Add a new tag
Caveats
  • Supply blocks, unpowered buildings, or Contaminate may cause inaccurate times.
  • Supply counts are checked every 10 seconds.